Cogmind - Beta 14 @@@ ROGUE MODE // 2024.09.18 @ 08:20:49 Player: J1ang-5h1 Result: Destroyed by B-75 Beast with Heavy Plasma Cannon Performance ------------- Evolutions (3) 1500 Regions Visited (12) 2400 Robots Destroyed (133) 665 Value Destroyed (3615) 3615 Prototype IDs (43) 860 Alien Tech Used (0) 0 Bonus (1008) 1008 TOTAL SCORE: 10048 Bonus ------- High Alert Combat Kills 291 Follower Combat Kills 283 Aligned with FarCom 300 Met Data Miner 300 Friendly Fire -166 Cogmind --------- Core Integrity 0/700 Matter 205/300 Energy 6/100 System Corruption 2% Temperature Cool (20) Movement Core (1500) Ox29 Location -6/Proximity Caves Parts ------- > --- POWER (1) -------- (None) > --- PROPULSION (4) --- (None) > --- UTILITY (6) ------ Coolant Injector Huge Storage Unit 0b10 Alert Chip Makeshift Salvage Targeting Computer > --- WEAPON (2) ------- High-powered Shock Rifle Minigun > --- INVENTORY (25) --- Huge Storage Unit Compact Battery (200) High-capacity Matter Pod (200) Advanced ECM Suite Hardened Light Armor Plating Improved Light Armor Plating System Shield High-powered Tractor Beam Improved Field Recycling Unit (0) Grenade Launcher Mini Grenade Launcher Plasma Cutter Heavy Mace Peak State ------------ > --- POWER ------------ Improved Deuterium Engine > --- PROPULSION ------- Light Treads Improved Treads Advanced Treads Carbon-fiber Leg > --- UTILITY ---------- Cooling System Huge Storage Unit 0b10 Alert Chip Makeshift Salvage Targeting Computer Advanced ECM Suite Focal Shield > --- WEAPON ----------- Advanced Beam Rifle Advanced Beam Rifle > --- INVENTORY -------- Deuterium Engine Carbon-fiber Leg Carbon-fiber Leg Heat Sink Improved Heat Sink Huge Storage Unit High-capacity Matter Pod Improved Terrain Scanner Shock Absorption System System Shield High-powered Tractor Beam Improved Field Recycling Unit High-powered Shock Rifle Advanced Beam Rifle Advanced Beam Rifle Minigun Minigun Minigun Grenade Launcher Mini Grenade Launcher Plasma Cutter Heavy Mace [Rating: 49] Favorites ----------- Power Improved Deuterium Engine Engine Improved Deuterium Engine Propulsion Light Treads Treads Light Treads Leg Carbon-fiber Leg Wheel Wheel Utility Huge Storage Unit Device Improved Heat Sink Storage Huge Storage Unit Processor 0b10 Alert Chip Protection Heavy Armor Plating Weapon Advanced Beam Rifle Energy Gun Advanced Beam Rifle Energy Cannon Advanced Beam Cannon Ballistic Gun Minigun Launcher Grenade Launcher Special Weapon Mining Laser Impact Weapon Heavy Mace Build | -11 -10 -10 -9 -9 -9 -8 -8 -7 -7 -7 -7 -6 ------- Run | Yrd Mat Min Mat Min Exi Min Mat Fac Low Low Dat Pro Slots Evolved 6 | . . . 2 . . . 2 2 . . . . Power . | . . . . . . . . . . . . . Propulsion 2 | . . . 1 . . . . 1 . . . . Utility 4 | . . . 1 . . . 2 1 . . . . Weapon . | . . . . . . . . . . . . . Parts Attached 142 | 3 13 . 42 . 1 8 20 3 23 6 . 23 Power 12 | . 3 . 4 . . . 1 . 1 1 . 2 Engine 12 | . 3 . 4 . . . 1 . 1 1 . 2 Core . | . . . . . . . . . . . . . Reactor . | . . . . . . . . . . . . . Propulsion 42 | 2 4 . 17 . . . 5 1 4 2 . 7 Treads 30 | 2 . . 14 . . . 5 1 2 2 . 4 Leg 11 | . 4 . 2 . . . . . 2 . . 3 Wheel 1 | . . . 1 . . . . . . . . . Hover . | . . . . . . . . . . . . . Flight . | . . . . . . . . . . . . . Utility 31 | 1 2 . 8 . 1 . 5 1 6 1 . 6 Device 16 | 1 . . 4 . . . 1 . 4 1 . 5 Storage 4 | . 1 . 1 . 1 . 1 . . . . . Processor 2 | . . . . . . . 1 . 1 . . . Hackware . | . . . . . . . . . . . . . Protection 9 | . 1 . 3 . . . 2 1 1 . . 1 Artifact . | . . . . . . . . . . . . . Weapon 57 | . 4 . 13 . . 8 9 1 12 2 . 8 Energy Gun 12 | . . . . . . . 1 . 6 1 . 4 Energy Cannon 1 | . . . 1 . . . . . . . . . Ballistic Gun 27 | . 3 . 9 . . 4 5 1 2 . . 3 Ballistic Cannon . | . . . . . . . . . . . . . Launcher 6 | . . . 1 . . 2 . . 1 1 . 1 Special Weapon 2 | . 1 . 1 . . . . . . . . . Impact Weapon 9 | . . . 1 . . 2 3 . 3 . . . Slashing Weapon . | . . . . . . . . . . . . . Piercing Weapon . | . . . . . . . . . . . . . Special Melee Weapon . | . . . . . . . . . . . . . Unidentified Prototypes 5 | . . . 4 . . . 1 . . . . . Parts Lost 45 | . 4 . 7 . . 1 2 . 7 1 . 23 Power 5 | . 1 . 1 . . . . . 1 . . 2 Propulsion 14 | . 2 . . . . . . . 3 1 . 8 Utility 14 | . . . 3 . . 1 . . 3 . . 7 Weapon 12 | . 1 . 3 . . . 2 . . . . 6 Highest Loss Streak 12 | . 3 . 2 . . 1 2 . 4 1 . 12 To Critical Strikes . | . . . . . . . . . . . . . Average Slot Usage (%) 93 | . 97 100 98 100 100 90 89 92 85 98 100 88 Engine 9 | . 13 14 10 11 11 11 9 7 6 7 7 6 Treads 22 | . 11 . 27 33 33 33 27 30 20 21 30 10 Leg 4 | . 14 28 4 . . . . . 3 6 . 9 Device 13 | . 5 . 14 22 22 13 9 7 10 23 23 21 Storage 9 | . 14 14 11 11 11 11 9 7 7 7 7 7 Processor 6 | . . . . . . . 9 7 9 15 15 15 Protection 6 | . 8 14 7 . . . 8 15 9 . . . Energy Gun 5 | . . . . . . . 2 . 14 14 15 14 Ballistic Gun 13 | . 26 28 21 22 22 20 15 10 . . . . Peak Build Rating 49 | 8 8 8 21 21 23 23 40 43 49 48 48 48 Average Rating 30 | 6 7 8 16 21 22 22 37 42 43 47 48 43 On Entrance 26 | 6 7 8 8 21 21 23 22 39 43 48 48 48 Naked Turns . | . . . . . . . . . . . . . Heaviest Build 114 | 11 28 28 60 56 96 96 112 114 114 98 98 102 Greatest Support 91 | 40 40 20 60 60 60 60 64 84 84 91 91 91 Greatest Overweight (x) 9 | . 9 1 3 . 1 1 1 1 3 2 1 6 Average Overweight (x) . | . . 1 . . . 1 1 1 1 1 1 3 Largest Inventory Capacity 25 | 8 15 15 20 20 25 25 25 25 25 25 25 25 Average Capacity 22 | 8 14 15 18 20 24 25 25 25 25 25 25 25 Most Carried 25 | 8 15 15 20 20 25 25 25 24 25 25 25 25 Average Carried 20 | 6 11 14 17 20 23 25 24 23 22 22 25 21 Final Capacity 25 | 8 15 15 20 20 25 25 25 25 25 25 25 25 Final Carried 25 | 5 15 15 20 20 25 25 25 24 22 25 25 13 Class Distribution -------------------- 60% | Mutant 31% | Scavenger-Mutant 8% | Commander-Mutant Dominant Class ---------------- Mutant | -10/Materials Mutant | -10/Mines Scavenger-Mutant | -9/Materials Scavenger-Mutant | -9/Mines Scavenger-Mutant | -9/Exiles Scavenger-Mutant | -8/Mines Mutant | -8/Materials Mutant | -7/Factory Mutant | -7/Lower Caves Commander-Mutant | -7/Lower Caves Scavenger-Mutant | -7/Data Miner Mutant | -6/Proximity Caves Resources | -11 -10 -10 -9 -9 -9 -8 -8 -7 -7 -7 -7 -6 ----------- Run | Yrd Mat Min Mat Min Exi Min Mat Fac Low Low Dat Pro Matter Collected 3083 | 256 296 8 1196 . 10 146 513 186 217 95 . 160 Remotely . | . . . . . . . . . . . . . Salvage Created 4710 | 106 595 . 1908 . . 87 771 224 480 28 . 511 Parts 303 | 5 45 . 134 . . 18 50 8 17 5 . 21 Haulers Intercepted 7 | . . . 5 . . . 2 . . . . . Recyclers Shooed 2 | . 1 . 1 . . . . . . . . . Parts Field Recycled . | . . . . . . . . . . . . . Retrieved Matter . | . . . . . . . . . . . . . Parts Self-Destructed 49 | . . . . . . . . . 15 6 . 28 Prevented 2 | . . . . . . . . . . . . 2 Kills | -11 -10 -10 -9 -9 -9 -8 -8 -7 -7 -7 -7 -6 ------- Run | Yrd Mat Min Mat Min Exi Min Mat Fac Low Low Dat Pro Combat Hostiles Destroyed 93 | . 15 . 39 . . 8 6 4 10 3 . 8 Guns 72 | . 15 . 35 . . . 5 4 6 . . 7 AOE 20 | . . . 4 . . 8 1 . 4 3 . . Classes Destroyed 15 | 2 4 . 4 . . . . 1 2 . . 2 Worker 9 | . 1 . 3 . . 2 3 . . . . . Builder 5 | . . . 3 . . . 2 . . . . . Tunneler 3 | 2 . . . . . . 1 . . . . . Hauler 7 | . . . 5 . . . 2 . . . . . Recycler 3 | 1 1 . . . . . 1 . . . . . Operator 1 | . . . 1 . . . . . . . . . Watcher 12 | . 3 . 5 . . . 4 . . . . . Swarmer 27 | . 6 . 7 . . 8 . . 2 3 . 1 Grunt 42 | . 9 . 23 . . . 2 3 3 . . 2 Brawler 2 | . . . . . . . . . . . . 2 Duelist 3 | . . . . . . . . 1 1 . . 1 Sentry 16 | . . . 9 . . . 4 . 2 . . 1 Demolisher 1 | . . . . . . . . . . . . 1 Hunter 1 | . . . . . . . . . 1 . . . Behemoth 1 | . . . . . . . . . 1 . . . Best Kill Streak 11 | 2 9 . 11 . . 8 3 2 4 3 . 5 Combat Bots Only 8 | . 6 . 5 . . 8 2 2 4 3 . 5 Max Kills in Single Turn 4 | 1 1 . 3 . . 4 2 1 3 1 . 2 Gunslinging 1 | . . . . . . . . . . . . 1 Exploded 4 | . . . 1 . . 4 1 . 3 1 . . Melee . | . . . . . . . . . . . . . Uniques/NPCs Destroyed . | . . . . . . . . . . . . . Combat | -11 -10 -10 -9 -9 -9 -8 -8 -7 -7 -7 -7 -6 -------- Run | Yrd Mat Min Mat Min Exi Min Mat Fac Low Low Dat Pro Hostile Shots Fired 703 | . 86 . 239 . . 11 51 22 96 34 . 164 Missed 213 | . 23 . 71 . . 6 12 10 29 11 . 51 Damage Taken 8065 | . 751 . 2157 . . 43 578 215 1706 254 . 2361 Core 1188 | . 117 . 344 . . 9 14 31 263 37 . 373 Absorbed by Shields 134 | . . . 134 . . . . . . . . . Redirected to Shielding 95 | . 27 . 24 . . . . . 44 . . . Ignored by Resistances 129 | . . . . . . . . . 53 56 . 20 Regen/Repaired (Parts) 389 | . 74 . 77 . . . 238 . . . . . Core Remaining (%) 65 | 100 . 53 . . . 11 97 . . . . . Volleys Fired 420 | 13 84 . 165 . . 7 49 21 34 3 . 44 Largest 2 | 2 2 . 2 . . 2 2 2 2 1 . 2 Hottest 122 | 40 120 . 100 . . 53 86 50 122 30 . 122 Shots Fired 791 | 26 164 1 298 . . 10 96 42 65 3 . 86 Gun 773 | 26 161 1 293 . . 6 96 42 62 . . 86 Cannon . | . . . . . . . . . . . . . Launcher 14 | . . . 4 . . 4 . . 3 3 . . Special 4 | . 3 . 1 . . . . . . . . . Kinetic 636 | 26 161 1 293 . . 6 88 42 . . . 19 Thermal 138 | . 3 . 1 . . . 8 . 62 . . 64 Explosive 14 | . . . 4 . . 4 . . 3 3 . . Electromagnetic 3 | . . . . . . . . . . . . 3 Robot Hit Streak 26 | 7 13 . 26 . . 2 26 12 12 . . 12 Robot Miss Streak 6 | 2 4 . 6 . . 1 3 2 2 3 . 2 Penetration Max . | . . . . . . . . . . . . . Secondary Targets 3 | . 1 . . . . . . . 1 . . 1 Max Gunslinging Chain 1 | . 1 . . . . . . . 1 . . 1 Shots Hit Robots 559 | 21 103 . 215 . . 2 67 32 50 . . 69 Core Hits 255 | 7 44 . 94 . . 12 27 11 26 12 . 22 Critical Kills 1 | . . . 1 . . . . . . . . . Critical Parts Destroyed 1 | . 1 . . . . . . . . . . . Critical Strikes 13 | . 1 . 1 . . . 1 . 5 . . 5 Burn 11 | . . . . . . . 1 . 5 . . 5 Destroy 2 | . 1 . 1 . . . . . . . . . Melee Attacks 15 | . . . 2 . . 3 7 . 3 . . . Impact 15 | . . . 2 . . 3 7 . 3 . . . Slashing . | . . . . . . . . . . . . . Piercing . | . . . . . . . . . . . . . Sneak Attacks 1 | . . . . . . . 1 . . . . . Combat Hostiles . | . . . . . . . . . . . . . Follow-up Attacks . | . . . . . . . . . . . . . Damage Inflicted 10268 | 161 923 . 3837 . . 428 1274 548 1355 349 . 1393 Guns 8353 | 161 828 . 3116 . . 34 1207 548 1066 . . 1393 Cannons . | . . . . . . . . . . . . . Explosions 1848 | . 95 . 721 . . 394 . . 289 349 . . Melee 67 | . . . . . . . 67 . . . . . Ramming . | . . . . . . . . . . . . . Kinetic 6012 | 161 828 . 3116 . . 34 1087 548 . . . 238 Thermal 2766 | . 95 . 255 . . 118 120 . 1066 . . 1112 Explosive 1380 | . . . 466 . . 276 . . 289 349 . . Electromagnetic 43 | . . . . . . . . . . . . 43 Impact 67 | . . . . . . . 67 . . . . . Slashing . | . . . . . . . . . . . . . Piercing . | . . . . . . . . . . . . . Highest Corruption 5 | . 5 5 . . . . . . . . . 2 Average Corruption 3 | . 4 5 . . . . . . . . . 2 Corruption Purged . | . . . . . . . . . . . . . Corruption Blocked . | . . . . . . . . . . . . . Effects 28 | . 13 2 . . . . . . . . . 13 Message Errors 5 | . 3 . . . . . . . . . . 2 Matter Fused 7 | . 4 . . . . . . . . . . 3 Energy Discharges 5 | . 2 1 . . . . . . . . . 2 Data Loss (minor) 4 | . 2 . . . . . . . . . . 2 Data Loss (major) 4 | . 1 . . . . . . . . . . 3 Misfires 1 | . . 1 . . . . . . . . . . Alerts 2 | . 1 . . . . . . . . . . 1 Overload Shots . | . . . . . . . . . . . . . Overflow Damage 249 | . 65 . 61 . . 50 37 . 30 6 . . Projectiles . | . . . . . . . . . . . . . Explosions 212 | . 65 . 61 . . 50 . . 30 6 . . Melee 37 | . . . . . . . 37 . . . . . Knockbacks . | . . . . . . . . . . . . . Impact . | . . . . . . . . . . . . . Kinetic . | . . . . . . . . . . . . . Secondary . | . . . . . . . . . . . . . Self-Inflicted Damage 238 | . 79 . 118 . . . . . . 41 . . Shots 4 | . 1 . 2 . . . . . . 1 . . Rammed . | . . . . . . . . . . . . . Targets Rammed . | . . . . . . . . . . . . . Kicked . | . . . . . . . . . . . . . Crushed . | . . . . . . . . . . . . . Highest Temperature 409 | . 40 . 31 . . . 22 17 229 . . 409 Average Temperature 36 | . 11 . 8 . . . 12 12 124 . . 72 Received Heat Transfer 2644 | . 306 . 798 . . . 234 117 231 24 . 934 Siege Activations . | . . . . . . . . . . . . . Robots Corrupted 1 | . . . . . . . 1 . . . . . Combat Hostiles . | . . . . . . . . . . . . . Parts Fried 1 | . . . . . . . 1 . . . . . Impact Corruptions 1 | . . . . . . . 1 . . . . . Robots Melted 1 | . . . . . . . . . . . . 1 Combat Hostiles 1 | . . . . . . . . . . . . 1 Parts Melted 12 | . . . . . . . . . 5 . . 7 Heat Transferred 5308 | . 50 . 150 . . 150 296 . 2257 . . 2405 Parts Sabotaged 3 | . . . . . . . . . . . . 3 Parts Stolen . | . . . . . . . . . . . . . Parts Stripped . | . . . . . . . . . . . . . Power Chain Reactions . | . . . . . . . . . . . . . Alert | -11 -10 -10 -9 -9 -9 -8 -8 -7 -7 -7 -7 -6 ------- Run | Yrd Mat Min Mat Min Exi Min Mat Fac Low Low Dat Pro Peak Influence 808 | 15 290 . 808 288 . 259 154 77 . . . . Initial 288 | . 9 . . 288 . . 100 . . . . . Average 240 | 8 113 . 569 288 . 203 41 18 . . . . Maximum Alert Level 3 | . 1 . 3 1 . 1 . . . . . . Low Security (%) 64 | 100 91 100 9 . . 23 100 100 . . . . Level 1 9 | . 8 . 10 100 . 76 . . . . . . Level 2 16 | . . . 49 . . . . . . . . . Level 3 9 | . . . 29 . . . . . . . . . Level 4 . | . . . . . . . . . . . . . Level 5 . | . . . . . . . . . . . . . High Security . | . . . . . . . . . . . . . Max Security . | . . . . . . . . . . . . . Squads Dispatched 16 | . 3 . 9 . . . 1 2 . . . 1 Investigation 5 | . 1 . 4 . . . . . . . . . Extermination . | . . . . . . . . . . . . . Reinforcement 7 | . 2 . 4 . . . 1 . . . . . Assault 2 | . . . 1 . . . . . . . . 1 Garrison 2 | . . . . . . . . 2 . . . . Intercept . | . . . . . . . . . . . . . Searches Triggered . | . . . . . . . . . . . . . Construction Impeded 1 | . . . 1 . . . . . . . . . Haulers Reinforced . | . . . . . . . . . . . . . Active Scanning Responses . | . . . . . . . . . . . . . Cargo Convoy Interrupts . | . . . . . . . . . . . . . Stealth | -11 -10 -10 -9 -9 -9 -8 -8 -7 -7 -7 -7 -6 --------- Run | Yrd Mat Min Mat Min Exi Min Mat Fac Low Low Dat Pro Distress Signals 11 | . 2 . 5 . . . 4 . . . . . Communications Jammed . | . . . . . . . . . . . . . Distress Signals . | . . . . . . . . . . . . . Times Spotted 168 | . 30 . 69 . . 8 25 5 11 5 . 15 Peak Tracking Total 9 | . 8 . 9 . . 4 5 1 7 4 . 7 Tactical Retreats 9 | . 2 . 5 . . . 1 . . . . 1 Traps | -11 -10 -10 -9 -9 -9 -8 -8 -7 -7 -7 -7 -6 ------- Run | Yrd Mat Min Mat Min Exi Min Mat Fac Low Low Dat Pro Traps Triggered 8 | . 4 . 4 . . . . . . . . . Indirectly . | . . . . . . . . . . . . . Trap Hack Attempts . | . . . . . . . . . . . . . Triggered . | . . . . . . . . . . . . . Disarmed . | . . . . . . . . . . . . . Reprogrammed . | . . . . . . . . . . . . . Reused . | . . . . . . . . . . . . . Traps Extracted . | . . . . . . . . . . . . . Installed . | . . . . . . . . . . . . . Triggered . | . . . . . . . . . . . . . Machines | -11 -10 -10 -9 -9 -9 -8 -8 -7 -7 -7 -7 -6 ---------- Run | Yrd Mat Min Mat Min Exi Min Mat Fac Low Low Dat Pro Machines Disabled 9 | . 2 . 2 . . 3 . . 2 . . . Max in Single Turn 3 | . 2 . 2 . . 3 . . 1 . . . Machines Repaired . | . . . . . . . . . . . . . Machines Dismantled . | . . . . . . . . . . . . . Machines Sabotaged . | . . . . . . . . . . . . . Overloaded Fab Kills . | . . . . . . . . . . . . . Hacking | -11 -10 -10 -9 -9 -9 -8 -8 -7 -7 -7 -7 -6 --------- Run | Yrd Mat Min Mat Min Exi Min Mat Fac Low Low Dat Pro Machines Accessed 34 | . 7 . 13 . 2 . 7 1 . . 4 . Terminals 20 | . 6 . 9 . . . 5 . . . . . Fabricators . | . . . . . . . . . . . . . Repair Stations 4 | . 1 . 2 . . . 1 . . . . . Recycling Units 3 | . . . 2 . . . 1 . . . . . Scanalyzers . | . . . . . . . . . . . . . Garrison Access 1 | . . . . . . . . 1 . . . . Total Hacks 122 | . 18 . 44 . 5 . 24 2 . . 29 . Successful 77 | . 10 . 21 . 5 . 12 . . . 29 . Failed 44 | . 7 . 23 . . . 12 2 . . . . Catastrophic 4 | . . . 2 . . . 1 1 . . . . Database Lockouts 1 | . 1 . . . . . . . . . . . Manual 56 | . 18 . 23 . 1 . 14 . . . . . Terminals 68 | . 15 . 33 . . . 20 . . . . . Fabricators . | . . . . . . . . . . . . . Repair Stations 11 | . 3 . 6 . . . 2 . . . . . Recycling Units 7 | . . . 5 . . . 2 . . . . . Scanalyzers . | . . . . . . . . . . . . . Garrison Access 2 | . . . . . . . . 2 . . . . Terminal Hacks 44 | . 2 . 6 . 5 . 2 . . . 29 . Record 15 | . . . . . 4 . . . . . 11 . Part Schematic 10 | . . . . . . . . . . . 10 . Robot Schematic 5 | . . . . . . . . . . . 5 . Robot Analysis 4 | . 1 . 2 . . . 1 . . . . . Prototype ID Bank 6 | . . . 2 . . . 1 . . . 3 . Terminal Index 2 | . 1 . 1 . . . . . . . . . Unreport Threat 1 | . . . 1 . . . . . . . . . Derelict Proto ID Bank 1 | . . . . . 1 . . . . . . . Fabricator Hacks . | . . . . . . . . . . . . . Repair Station Hacks 6 | . 2 . 2 . . . 2 . . . . . Scan Component 3 | . 1 . 1 . . . 1 . . . . . Repair 3 | . 1 . 1 . . . 1 . . . . . Recycling Unit Hacks 4 | . . . 3 . . . 1 . . . . . Report Inventory 3 | . . . 2 . . . 1 . . . . . Retrieve Components 1 | . . . 1 . . . . . . . . . Scanalyzer . | . . . . . . . . . . . . . Garrison Access Hacks . | . . . . . . . . . . . . . Unauthorized Hacks 23 | . 6 . 10 . . . 7 . . . . . Terminals 21 | . 6 . 8 . . . 7 . . . . . Botnet 6 | . 2 . 2 . . . 2 . . . . . Disrupt 1 | . . . 1 . . . . . . . . . Skim 14 | . 4 . 5 . . . 5 . . . . . Fabricators . | . . . . . . . . . . . . . Repair Stations . | . . . . . . . . . . . . . Recycling Units 2 | . . . 2 . . . . . . . . . Tunnel 2 | . . . 2 . . . . . . . . . Scanalyzers . | . . . . . . . . . . . . . Garrison Access . | . . . . . . . . . . . . . Data Cores Recovered . | . . . . . . . . . . . . . Used . | . . . . . . . . . . . . . Hacking Detections 24 | . 7 . 11 . . . 5 1 . . . . Full Trace Events . | . . . . . . . . . . . . . Feedback Events . | . . . . . . . . . . . . . Feedback Blocked . | . . . . . . . . . . . . . Robot Schematics Acquired 5 | . . . . . . . . . . . 5 . Robots Built . | . . . . . . . . . . . . . Authchips . | . . . . . . . . . . . . . Time . | . . . . . . . . . . . . . Total Robot Build Rating . | . . . . . . . . . . . . . Part Schematics Acquired 10 | . . . . . . . . . . . 10 . Parts Built . | . . . . . . . . . . . . . Authchips . | . . . . . . . . . . . . . Time . | . . . . . . . . . . . . . Total Part Build Rating . | . . . . . . . . . . . . . Parts Repaired 3 | . 1 . 1 . . . 1 . . . . . Time 90 | . 26 . 26 . . . 38 . . . . . Parts Recycled . | . . . . . . . . . . . . . Recycled Matter . | . . . . . . . . . . . . . Retrieved Matter . | . . . . . . . . . . . . . Retrieved Components 3 | . . . 3 . . . . . . . . . Parts Scanalyzed . | . . . . . . . . . . . . . Part Schematics Acquired . | . . . . . . . . . . . . . Parts Damaged . | . . . . . . . . . . . . . Bothacking | -11 -10 -10 -9 -9 -9 -8 -8 -7 -7 -7 -7 -6 ------------ Run | Yrd Mat Min Mat Min Exi Min Mat Fac Low Low Dat Pro Used RIF Installer . | . . . . . . . . . . . . . Robots Hacked . | . . . . . . . . . . . . . Non-combat . | . . . . . . . . . . . . . Combat . | . . . . . . . . . . . . . Robot Hacks Applied . | . . . . . . . . . . . . . Relay Couplers Released . | . . . . . . . . . . . . . Fabnet Peak Effective % . | . . . . . . . . . . . . . Robots Rewired 6 | . . . . . . . . . 5 . . 1 Allies Hacked . | . . . . . . . . . . . . . Hacks Repelled . | . . . . . . . . . . . . . Allies | -11 -10 -10 -9 -9 -9 -8 -8 -7 -7 -7 -7 -6 -------- Run | Yrd Mat Min Mat Min Exi Min Mat Fac Low Low Dat Pro Total Allies 7 | . . . . . . . . . 5 . . 2 Largest Group 4 | . . . . . . . . . 4 4 3 3 Highest-Rated Group 128 | . . . . . . . . . 92 92 72 128 Highest-Rated Ally 96 | . . . . . . . . . 32 32 32 96 Total Orders . | . . . . . . . . . . . . . Ally Attacks 42 | . . . . . . . . . 5 7 . 30 Total Damage 1460 | . . . . . . . . . 159 310 . 991 Kills 8 | . . . . . . . . . 1 2 . 5 Allies Corrupted . | . . . . . . . . . . . . . Allies Melted . | . . . . . . . . . . . . . Intel | -11 -10 -10 -9 -9 -9 -8 -8 -7 -7 -7 -7 -6 ------- Run | Yrd Mat Min Mat Min Exi Min Mat Fac Low Low Dat Pro Robot Analysis Total 4 | . 1 . 2 . . . 1 . . . . . Derelict Logs Recovered 3 | . . . . . . . . . 1 2 . . Drone Launches . | . . . . . . . . . . . . . Drone Recoveries . | . . . . . . . . . . . . . Exploration | -11 -10 -10 -9 -9 -9 -8 -8 -7 -7 -7 -7 -6 ------------- Run | Yrd Mat Min Mat Min Exi Min Mat Fac Low Low Dat Pro Turns Passed 12276 | 78 1626 65 2454 29 662 343 2460 320 1890 1084 200 1065 Spaces Moved 4581 | 29 694 34 1126 19 278 128 747 107 655 429 84 251 Core 20 | . 20 . . . . . . . . . . . Treads 3608 | 7 305 . 887 19 278 128 747 107 562 429 84 55 Legs 852 | 22 369 34 138 . . . . . 93 . . 196 Wheels 101 | . . . 101 . . . . . . . . . Hover . | . . . . . . . . . . . . . Flight . | . . . . . . . . . . . . . Fastest Speed 110 | 120 160 190 110 160 160 240 230 232 230 235 240 240 Average Speed 216 | 129 185 190 151 160 236 240 235 232 253 248 240 355 Slowest Speed 540 | 160 500 190 190 160 240 240 240 232 330 320 240 540 Overloaded Moves . | . . . . . . . . . . . . . Propulsion Burnouts . | . . . . . . . . . . . . . Robots Hopped . | . . . . . . . . . . . . . Cave-ins Triggered 1 | . . . . . . . . . 1 . . . Exploration Rate (%) 44 | 3 96 11 86 6 69 23 41 3 75 63 70 26 Regions Visited 12 Branch Regions 8 Pre-discovered Areas 6 | . . . 3 . 1 . 1 . . . 1 . Known Exits Taken 4 | . . . 1 . . 1 1 1 . . . . Unknown Exits Taken 8 | 1 1 1 . 1 1 . . . 1 1 1 . Scrap Searched 6 | . . 1 . . . 1 . . 2 1 . 1 Spaces Dug 14 | . 3 . 3 . . 2 4 . 2 . . . Terrain Destroyed 220 | . 28 . 87 . . 42 4 . 24 35 . . Melee 10 | . . . 2 . . 2 4 . 2 . . . Projectile 4 | . 3 . 1 . . . . . . . . . AOE 206 | . 25 . 84 . . 40 . . 22 35 . . Terrain Rammed . | . . . . . . . . . . . . . Walls Destroyed . | . . . . . . . . . . . . . Machines Disabled . | . . . . . . . . . . . . . Actions | -11 -10 -10 -9 -9 -9 -8 -8 -7 -7 -7 -7 -6 --------- Run | Yrd Mat Min Mat Min Exi Min Mat Fac Low Low Dat Pro Total 6216 | 50 894 35 1607 18 283 146 1359 145 810 443 83 343 Wait 809 | . 77 . 200 . . 1 505 14 12 . . . Move 4569 | 28 693 33 1125 18 277 127 746 106 654 428 83 251 Hop . | . . . . . . . . . . . . . Pick Up 100 | 2 19 1 35 . 5 . 17 1 8 5 . 7 Fast Attach 9 | 1 2 . 5 . . . . . . . . 1 Attach 51 | 1 3 . 13 . . . 5 2 8 1 . 18 Detach 1 | 1 . . . . . . . . . . . . Swap 82 | 1 8 . 24 . 1 8 15 1 15 5 . 4 Drop 70 | 3 8 1 38 . . . 15 . 1 1 . 3 Fire 420 | 13 84 . 165 . . 7 49 21 34 3 . 44 Melee 15 | . . . 2 . . 3 7 . 3 . . . Ram . | . . . . . . . . . . . . . Kick . | . . . . . . . . . . . . . Crush . | . . . . . . . . . . . . . Escape Stasis . | . . . . . . . . . . . . . Rewire 90 | . . . . . . . . . 75 . . 15 Trap . | . . . . . . . . . . . . . Miscellaneous . | . . . . . . . . . . . . . Route ------- -11/Scrapyard -10/Materials (discovered 5 exits: *Mat x3 / [*Min x2]) -10/Mines -9/Materials (discovered 5 exits: *Mat x3 / *Min x2) -9/Mines (discovered 3 exits: Mat x2 / *Exi) -9/Exiles -8/Mines (discovered 2 exits: *Mat x2) -8/Materials (discovered 3 exits: *Fac x2 / Sto) -7/Factory (discovered 3 exits: Fac x2 / *Low) -7/Lower Caves -7/Lower Caves -7/Data Miner -6/Proximity Caves History --------- Turn | Location | Event 14 | -11/Scrapyard | Discovered new exit (range 2) 79 | -11/Scrapyard | Entered Materials 143 | -10/Materials | Discovered new exit (range 16) 178 | -10/Materials | Discovered new exit (range 10) 314 | -10/Materials | Build established: Mutant 418 | -10/Materials | Central database locked down 783 | -10/Materials | Lost 3 parts (2n1w) 959 | -10/Materials | Discovered new exit (range 14) 1160 | -10/Materials | Discovered new exit (range 3) 1391 | -10/Materials | Repaired Lgt. Assault Rifle 1602 | -10/Materials | Discovered new exit (range 15) 1705 | -10/Materials | Entered Mines 1735 | -10/Mines | Met a Derelict bent on vengeance 1758 | -10/Mines | Discovered new exit (range 5) 1770 | -10/Mines | Entered Materials 1770 | -9/Materials | Evolved 2 slots: Propulsion x1, Utility x1 2462 | -9/Materials | Core integrity fell below 50% 2490 | -9/Materials | Discovered new exit (range 16) 2639 | -9/Materials | Repaired Lgt. Armor Plating 2811 | -9/Materials | Build established: Scavenger-Mutant 3615 | -9/Materials | Discovered new exit (range 3) 3891 | -9/Materials | Discovered new exit (range 16) 3954 | -9/Materials | Core integrity fell below 20% 3980 | -9/Materials | Identified exit to Mines 3980 | -9/Materials | Identified exit to Materials 4020 | -9/Materials | Loaded intel: 46 machine locations 4098 | -9/Materials | Learned Storage emergency access door positions 4143 | -9/Materials | Learned 4 Recycling zone layouts 4170 | -9/Materials | First assault squad dispatched 4224 | -9/Materials | Entered Mines 4245 | -9/Mines | Deemed a non-threat by the Exiles lab entrance 4247 | -9/Mines | Discovered new exit (range 5) 4253 | -9/Mines | Entered Exiles 4318 | -9/Exiles | Met 8R-AWN 4359 | -9/Exiles | Met EX-HEX 4426 | -9/Exiles | Met EX-BIN 4455 | -9/Exiles | Aligned with FarCom system 4457 | -9/Exiles | Given EX-Vault access code 4515 | -9/Exiles | Opened EX-Vault 4532 | -9/Exiles | Found 0b10 Alert Chip 4576 | -9/Exiles | Warned to stay clear of 0b10 Research branches 4727 | -9/Exiles | Met EX-DEC 4770 | -9/Exiles | Learned location of Zion (-6) 4886 | -9/Exiles | Discovered new exit (range 14) 4915 | -9/Exiles | Left Exiles lab with 0b10 Alert Chip 4915 | -9/Exiles | Entered Mines 5018 | -8/Mines | Destroyed 8 combat bots 5258 | -8/Mines | Entered Materials 5258 | -8/Materials | Evolved 2 slots: Utility x2 5259 | -8/Materials | Identified exit to Storage 6054 | -8/Materials | Build established: Mutant 6621 | -8/Materials | Repaired Hvy. Armor Plating 7147 | -8/Materials | Learned Factory emergency access door positions 7203 | -8/Materials | Discovered new exit (range 7) 7223 | -8/Materials | Learned location of 1 exit from Recycling 7344 | -8/Materials | Learned location of 3 exits from Factory 7389 | -8/Materials | Learned Factory scanalyzer intel 7424 | -8/Materials | Learned Storage trap positions 7451 | -8/Materials | Learned Factory security intel 7486 | -8/Materials | Identified exit to Factory 7532 | -8/Materials | Learned 4 Factory zone layouts 7590 | -8/Materials | Learned location of 1 exit from Extension 7658 | -8/Materials | Learned 4 Recycling zone layouts 7718 | -8/Materials | Entered Factory 7718 | -7/Factory | Evolved 2 slots: Propulsion x1, Utility x1 7719 | -7/Factory | Identified exit to Factory 7719 | -7/Factory | Identified exit to Lower Caves 7723 | -7/Factory | Loaded intel: 4 scanalyzer locations 7922 | -7/Factory | Garrison activated, responded to threat 8038 | -7/Factory | Entered Lower Caves 8078 | -7/Lower Caves | Spotted B-75 Beast 8124 | -7/Lower Caves | Destroyed B-75 Beast 8152 | -7/Lower Caves | Lost 3 parts (2n1u) 8425 | -7/Lower Caves | Attracted the attention of an 0b10 checkpoint 9193 | -7/Lower Caves | Crushed by falling debris 9253 | -7/Lower Caves | Attracted the attention of an 0b10 outpost 9313 | -7/Lower Caves | Lost 4 parts (1p1n2u) 9497 | -7/Lower Caves | Discovered new exit (range 10) 9704 | -7/Lower Caves | Attacked by a delusional Derelict stockpiling Unaware 9770 | -7/Lower Caves | Learned Factory security intel 9928 | -7/Lower Caves | Entered another Lower Caves area 9928 | -7/Lower Caves | Accompanied by 4 allies 10079 | -7/Lower Caves | Build established: Commander-Mutant 10503 | -7/Lower Caves | Learned Factory emergency access door positions 10757 | -7/Lower Caves | Attracted the attention of an 0b10 checkpoint 10791 | -7/Lower Caves | Learned Factory stockpile data 10929 | -7/Lower Caves | Discovered new exit (range 8) 11012 | -7/Lower Caves | Entered Data Miner 11012 | -7/Data Miner | Accompanied by 3 allies 11012 | -7/Data Miner | Discovered new exit (range 6) 11058 | -7/Data Miner | Met Data Miner 11074 | -7/Data Miner | Build established: Scavenger-Mutant 11113 | -7/Data Miner | Learned location of Section 7 (-2) 11113 | -7/Data Miner | Acquired the access code to Warlord's prototype stash 11154 | -7/Data Miner | Received God Mode back door access code from Data Miner 11212 | -7/Data Miner | Entered Proximity Caves 11212 | -6/Proximity Caves | Accompanied by 3 allies 11303 | -6/Proximity Caves | Attracted the attention of an 0b10 outpost 11323 | -6/Proximity Caves | Core integrity fell below 50% 11364 | -6/Proximity Caves | Lost 3 allies 11417 | -6/Proximity Caves | Escorted by Enhanced Grunt 11460 | -6/Proximity Caves | Lost 6 parts (4n1u1w) 11629 | -6/Proximity Caves | Build established: Mutant 11916 | -6/Proximity Caves | Attracted the attention of an 0b10 checkpoint 11956 | -6/Proximity Caves | Lost 3 parts (1p1n1w) 12218 | -6/Proximity Caves | Spotted B-75 Beast 12245 | -6/Proximity Caves | Core integrity fell below 20% 12277 | -6/Proximity Caves | Destroyed by B-75 Beast with Heavy Plasma Cannon Last Messages --------------- 12237_ B-75 Beast suffers critical hit (Burn). 12238_ Adv. Beam Rifle destroyed. 12238_ Critical hit (Meltdown: +310). 12238_ Knocked back. 12241_ Carbon-fiber Leg destroyed. 12241_ Knocked back. 12242_ Acquired 5 matter. 12243_ B-75 Beast suffers critical hit (Burn). 12244_ Deuterium Engine destroyed. 12244_ Adv. Beam Rifle destroyed. 12244_ Imp. Heat Sink destroyed. 12246_ Acquired 1 matter. 12250_ QBFU8|C837TI Z,, F2ME7,49|XDLBRYLR5MY4EE 12257_ Imp. Reaction Control System destroyed. 12260_ Heat Sink destroyed. 12265_ Minigun destroyed. 12265_ Knocked back. 12268_ Minigun destroyed. 12268_ Knocked back. 12269_ Acquired 10 matter. Map ----- +----------------------------------------------------+ | #??????# #?# ### #????????????????????? | | ##??????# #?# #####????????????????? | | ???????# #?## ###??????????????? | | ???????# #### ##?????????????? | | ## #??????# #?????????????? | | #?? %#??????# #?????????????? | | #??? %#??????###### ##?????????????? | | ???? ???????????# ## #??????????????? | | #???? ?######????# ### #### #??????????????? | | ????? ??? ????# #?# #???# #?????????????? | | ??????????? ????# #### #???? #?????????????? | | ????????????# ????# ### #????? #?????????????? | | ????????????# ##??# ## ###??? #?????????????? | | ????????????# #### #????#?????????????? | | ???????????## #??????????????????? | | ?????????### #####??????????????? | | ?????????# ### ## ##?????????????? | | ????????## #?## # ## #?????????????? | | ????????# #??# ### #?????????????? | | #???????# #??# #?###### #?????? ??????? | | ##?????# #??# #??????### #???? ??????? | | ##????# #?## ##???????"# [ #### ?????? | | ##??## ### #?????###;[% / ?????? | | ?### ##????#;; / ????? | | ### #???## % / ????? | | ## #### ##???#@ BB ????? | | #??######????#% ;; BB ????? | | #????????????#% ;; #;;;# ????? | | #??????????? #???????????????? | | #????????? "" #???????????????? | | ## ##???????? """" " #???????????????? | | # ##??????? "" "" #???????????????? | | # #???????? """ ##???????????????? | | ## #???????? "$" """ ###????????????????? | | %"" #????????? " "" #??????????????????? | | %# #????? ?"" ? #??????????????????? | | "# #?????????##??## ??????????????????? | | ## ##??????????????? ??????????????????? | | ##???????????????? ??????????????????? | | # ####????????????????????????????????????? | | # ##???????????????????????????????????????? | | # ##????????????????????????????????????????? | | # ###?????????????????????????????????????????? | | ? ????????????????????????????????????????????? | | ????? ???????????????????????????????????????????? | | ?????????????????????????????????????????????????? | | ??? ?????????????????????????????????????????????? | | ?????????????????????????????????????????????????? | | ??#??????????????????????????????????????????????? | | #????????????????????????????????????????????????? | +----------------------------------------------------+ Best States ------------- Heat Dissipation 70 Coolant Potential 65 Energy Generation 16 Energy Capacity 290 Matter Stores 300 Matter Capacity 300 Sight Range 16 Terrain Scan Range 16 Terrain Scan Density 10 Armor Coverage 600 Resistance: KI 20 Resistance: EX 25 Propulsion Shielding 33 Utility Shielding 66 Evasion (%) 55 Recoil Reduction 4 Salvage Targeting 4 Item Schematics ----------------- Combat Drone Bay | -7/Data Miner | Free Lgt. Regenerative Plating | -7/Data Miner | Free Biomechanical Wings | -7/Data Miner | Free Exp. Power Shielding | -7/Data Miner | Free Antimatter Cannon | -7/Data Miner | Free Hvy. Treads | -7/Data Miner | Free KE Penetrator | -7/Data Miner | Free Imp. Coolant Injector | -7/Data Miner | Free Lyr. Medium Armor Plating | -7/Data Miner | Free Point Defense System | -7/Data Miner | Free Robot Schematics ------------------ O-24 Administrator | -7/Data Miner | Free H-66 Slayer | -7/Data Miner | Free H-55 Commando | -7/Data Miner | Free A-15 Conveyor | -7/Data Miner | Free G-50 Soldier | -7/Data Miner | Free Fabricated ------------ Nothing Alien Tech Used ----------------- None Achievements -------------- None Challenges ------------ None Game ------ Seed TeslaElectrostormPlatform Manual? 0 Play Time 01:24:31 Cumulative 309.5 hours Start 2024.09.18 @ 06:46:50 End 2024.09.18 @ 08:20:49 Sessions 1 Manual Loads 0 Difficulty Rogue Special Mode None Game No. 223 Rogue 213 Adventurer 0 Explorer 10 Win Type - Total 3 Types 3/0/0/0/0/0/0/0/0 Lore% 76 Gallery% 73 Achievement% 57 Wizard Run 0 Options --------- Layout 2 ASCII 0 Keyboard 0 Movement Arrows Keybinds 1 Fullscreen 1 Font 24/Smallcaps Map View 50x44 Zoom Use 0% Tactical HUD 1 Map Filters NONE Filters NONE Steam 1 RUN: f5b768d5-fd5e-44aa-8889-2fcc37cdc6f3